 Dungeon Crawl Stone Soup version 0.31-a0-259-g771a54ca4b (webtiles) character file.

Game seed: 7928289356665992991

3668 qw the Skirmisher (level 9, -1/79 HPs)
             Began as a Minotaur Hexslinger on July 13, 2023.
             Was a Priest of Okawaru.
             Succumbed to a hornet's poison
             ... on level 7 of the Dungeon.
             The game lasted 00:02:06 (5823 turns).

qw the Skirmisher (Minotaur Hexslinger)             Turns: 5823, Time: 00:02:06

Health: -1/79      AC:  6    Str: 18    XL:     9   Next: 89%
Magic:  2/11       EV: 18    Int: 14    God:    Okawaru [***...]
Gold:   279        SH:  0    Dex: 17    Spells: 9/10 levels left

rFire   . . .        Y - +5 arbalest (flame)
rCold   + + .        (shield currently unavailable)
rNeg    + . .        t - +2 robe "Fufius" {rN+ Slay+6}
rPois   .            (helmet restricted)
rElec   .            (no cloak)
rCorr   .            (no gloves)
SInv    .            g - +1 pair of boots
Will    .....        o - amulet of Tovodex {Spirit Fly rC++ Dex+3 Stlth-}
Stlth   ++           j - +6 ring of strength
HPRegen 0.33/turn    (no ring)
MPRegen 0.12/turn

%: guardian spirit
@: lethally poisoned (-1 -> -7), about to teleport, heroic, flying, slowed, very
slow
A: horns 2, retaliatory headbutt, hooves 1, clever 1, clumsy 1
a: Renounce Religion, Heroism


You were on level 7 of the Dungeon.
You worshipped Okawaru.
Okawaru was most pleased with you.
You visited 1 branch of the dungeon, and saw 7 of its levels.

You collected 635 gold pieces.
You spent 356 gold pieces at shops.


Innate Abilities, Weirdness & Mutations

You have a pair of horns on your head.
You reflexively headbutt those who attack you in melee.
You have large cloven feet.
Your mind is acute. (Int +4, Str/Dex -1)
You are clumsy. (Dex -2)


   Skills:
 + Level 7.1(12.1) Fighting
 - Level 12.4(17.4) Ranged Weapons
 - Level 1.9(6.9) Armour
 - Level 5.0(10.0) Dodging
 - Level 1.0 Spellcasting
 - Level 2.0 Hexes
 - Level 4.1 Invocations


You had 9 spell levels left.
You knew the following spells:

 Your Spells              Type           Power      Damage    Failure   Level
a - Slow                  Hex            24%        N/A       12%         1

Your spell library contained the following spells:

 Spells                   Type           Power      Damage    Failure   Level
 Inner Flame              Hex/Fire       3%         N/A       45%         3
 Portal Projectile        Hex/Tloc       6%         N/A       45%         3
 Cause Fear               Hex            3%         N/A       75%         4

Inventory:

Hand Weapons
 Y - a +5 arbalest of flaming (weapon)
Armour
 g - a +1 pair of boots (worn)
 k - a +2 robe of fire resistance
 t - the +2 robe "Fufius" (worn) {rN+ Slay+6}
   (You found it on level 6 of the Dungeon)

   Slay:      It affects your accuracy & damage with ranged weapons and melee
   (+6).
   rN:        It protects you from negative energy.
Jewellery
 j - a +6 ring of strength (left hand)
 n - the amulet "Duufa" {Regen+ Int+2 Stlth+}
   (You acquired it on level 4 of the Dungeon)

   [amulet of regeneration]

   Int:       It affects your intelligence (+2).
   Regen:     It increases your rate of health regeneration.
   Stlth:     It makes you more stealthy.
 o - the amulet of Tovodex (around neck) {Spirit Fly rC++ Dex+3 Stlth-}
   (You acquired it on level 4 of the Dungeon)

   [amulet of guardian spirit]

   It causes incoming damage to be divided between your reserves of health and
   magic.
   Dex:       It affects your dexterity (+3).
   rC:        It greatly protects you from cold.
   Fly:       It grants you flight.
   Stlth:     It makes you less stealthy.
 r - a ring of ice
Scrolls
 i - 4 scrolls of identify
 q - 2 scrolls of teleportation
Potions
 a - a potion of mutation
 b - a potion of might
 c - a potion of resistance
 d - a potion of magic
 e - a potion of enlightenment
 f - a potion of brilliance {unknown}
 h - 5 potions of curing
 u - a potion of heal wounds {unknown}

Dungeon Overview and Level Annotations

Branches:
Dungeon (7/15)             Temple (0/1) D:7

Altars:
Dithmenos
Elyvilon
Okawaru
Qazlal
Wu Jian
Yredelemnul
The Shining One

Shops:
D:1 =   D:2 =   D:5 ?   D:6 *!


Message History

The six-headed hydra is moderately wounded.
You shoot a bolt. The bolt hits the six-headed hydra!
The bolt burns the six-headed hydra.
The six-headed hydra is heavily wounded.
You shoot a bolt. The bolt hits the six-headed hydra!
The bolt burns the six-headed hydra.
The six-headed hydra is severely wounded.
The six-headed hydra completely misses you.
You furiously retaliate!
You headbutt the six-headed hydra!! The six-headed hydra bites you.
The six-headed hydra bites you! The six-headed hydra misses you.
The six-headed hydra bites you! x2
You shoot a bolt. The bolt hits the six-headed hydra.
The bolt burns the six-headed hydra.
The six-headed hydra is almost dead.
The six-headed hydra bites you. x2; The six-headed hydra bites you!
The six-headed hydra barely misses you. The six-headed hydra bites you.
The six-headed hydra completely misses you.
You shoot a bolt. The bolt hits the six-headed hydra!!
The bolt burns the six-headed hydra.
You kill the six-headed hydra!
Okawaru is honoured by your kill.
Okawaru will now gift you throwing weapons as you gain piety.
Your base Ranged Weapons skill increases to level 12!
You start resting.
A hornet comes into view.
You shoot a bolt. The hornet buzzes angrily.
The bolt hits the hornet!
The bolt burns the hornet.
The hornet is heavily wounded.
The hornet stings you!
You are poisoned.
You suddenly lose the ability to move!
The hornet stings you!
You feel yourself slow down.
You feel sick. The hornet stings you!
You feel as though you will be slow longer.
You can move again.
5823 ||| READING 3 scrolls of teleportation.
As you read the scroll of teleportation, it crumbles to dust.
You feel strangely unstable.
You die...

.........!# #.#
##....#####.. ..........#
###.# #...###..##..
..........# ##.
#.##..##...(##..
..........# ##||
#.#.##....###.#
..........# .|#
#.'.#.....#.#.#
#########.# =)
##.#.#....##.#.# .#
#.##.##.....##..#.# #.#
#y#.###...###...#.# #.#
#@## ##.......##.#
#.######## #####'#####.#
#.##.....####.........#.#
#.##.###....#.###.###.#.#
#.##.#)#)##.#.# #.# #..
#.#...)...#.#.###.### #..
#.).##.}.##.'........ #..
#.#.#.......#.###.### #.#
#.#.##.#/#.##.# #.# #..


You could see a hornet.

Vanquished Creatures
  A hydra (D:7)
  Grinder (D:5)
  A steam dragon (D:7)
  2 water moccasins
  An acid dragon (D:7)
  An ice beast (D:7)
  2 sky beasts
  3 ogres (D:5)
  2 black bears
  A centaur (D:7)
  A kobold brigand (D:7)
  2 bullfrogs (D:7)
  5 scorpions
  5 wights (D:6)
  5 howler monkeys
  3 jellies
  2 orc priests
  3 hounds
  Jessica (D:2)
  3 iguanas
  6 orc wizards
  5 adders
  A gnoll (D:5)
  4 shadow imps
  5 white imps
  An ufetubus (D:5)
  A worm (D:3)
  A dart slug (D:5)
  16 orcs
  5 bats
  3 endoplasms
  5 giant cockroaches
  10 goblins
  2 hobgoblins
  4 jackals (D:5)
  9 kobolds
  A quokka (D:5)
  4 ball pythons
  4 rats
  A butterfly (D:1)
133 creatures vanquished.

Notes
Turn   | Place    | Note
-------+----------+-------------------------------------------
     0 | D:1      | qw the Minotaur Hexslinger began the quest for the Orb.
     0 | D:1      | Reached XP level 1. HP: 16/16 MP: 1/1
     0 | D:1      | 0 ||| qw: Version: 0.3-a-52-g30416fa
     0 | D:1      | 0 ||| qw: Game counter: 6833
     0 | D:1      | 0 ||| qw: Melee chars always use a shield: true
     0 | D:1      | 0 ||| qw: God list: Okawaru
     0 | D:1      | 0 ||| qw: Allow faded altars: false
     0 | D:1      | 0 ||| qw: Do Orc after clearing Dungeon:15 true
     0 | D:1      | 0 ||| qw: Do second Lair branch before Depths: true
     0 | D:1      | 0 ||| qw: Lair rune preference: random
     0 | D:1      | 0 ||| qw: Goals: Normal
     0 | D:1      | 0 ||| PLANNING D:1-11
   101 | D:1      | Reached skill level 3 in Ranged Weapons
   109 | D:1      | Reached XP level 2. HP: 23/23 MP: 2/2
   570 | D:1      | Found Kemakkiuhi's Jewellery Shoppe.
   575 | D:1      | 575 ||| SHOPLISTING +4 ring of protection (504 gold, have
                  | 23).
   575 | D:1      | 575 ||| SHOPLISTING +5 ring of evasion (504 gold, have 23).
   575 | D:1      | 575 ||| SHOPLISTING ring "Iblikluy" {MP+9 EV+5} (866 gold,
                  | have 23).
   575 | D:1      | 575 ||| SHOPLISTING ring of willpower (350 gold, have 23).
   628 | D:1      | 628 ||| UPGRADING to +0 pair of boots.
   633 | D:1      | 633 ||| READING 2 scrolls labelled IXOOBLEGIVO.
   634 | D:1      | 634 ||| READING scroll of enchant weapon.
   634 | D:1      | 634 ||| ENCHANTING +2 sling.
   635 | D:1      | 635 ||| READING scroll labelled ETIZ ITHRUMY.
   736 | D:1      | 736 ||| READING scroll labelled PEER UBRI CUT.
   737 | D:1      | 737 ||| DROPPING scroll of poison.
   833 | D:2      | Found Wead Vir's Jewellery Emporium.
   840 | D:2      | 840 ||| SHOPLISTING amulet of the acrobat (300 gold, have
                  | 33).
   840 | D:2      | 840 ||| SHOPLISTING ring of fire (250 gold, have 33).
   840 | D:2      | 840 ||| SHOPLISTING ring of protection from cold (250 gold,
                  | have 33).
  1125 | D:2      | Reached XP level 3. HP: 21/29 MP: 3/3
  1193 | D:2      | Noticed Jessica
  1196 | D:2      | Killed Jessica
  1197 | D:2      | Reached skill level 4 in Ranged Weapons
  1218 | D:2      | Found a faded altar of an unknown god.
  1477 | D:2      | 1477 ||| UPGRADING to +2 robe of fire resistance.
  1487 | D:2      | 1487 ||| DROPPING +0 robe.
  1488 | D:2      | 1488 ||| UPGRADING to +6 ring of strength.
  1489 | D:2      | 1489 ||| READING scroll labelled CIT SUETAE.
  1490 | D:2      | 1490 ||| READING scroll labelled YCUUS KUESSISIZEAB.
  1491 | D:2      | 1491 ||| READING scroll labelled MOTHRI QEUCOTUX.
  1492 | D:2      | 1492 ||| DRINKING 2 orange potions.
  1493 | D:2      | 1493 ||| DROPPING potion of degeneration.
  1587 | D:3      | Reached XP level 4. HP: 36/36 MP: 4/4
  1637 | D:3      | Found a stormy altar of Qazlal.
  1686 | D:3      | Found a faded altar of an unknown god.
  1961 | D:3      | Found a white marble altar of Elyvilon.
  2073 | D:3      | Found an ornate altar of the Wu Jian Council.
  2275 | D:3      | Found an iron altar of Okawaru.
  2277 | D:3      | 2277 ||| DROPPING ring of flight.
  2278 | D:3      | 2278 ||| DRINKING 3 yellow potions.
  2383 | D:3      | 2383 ||| DROPPING 2 potions of berserk rage.
  2419 | D:4      | 2419 ||| STAIRDANCE
  2423 | D:4      | 2423 ||| STAIRDANCE
  2427 | D:4      | 2427 ||| STAIRDANCE
  2431 | D:4      | 2431 ||| STAIRDANCE
  2435 | D:4      | 2435 ||| STAIRDANCE
  2439 | D:4      | 2439 ||| STAIRDANCE
  2443 | D:4      | 2443 ||| STAIRDANCE
  2447 | D:4      | 2447 ||| STAIRDANCE
  2451 | D:4      | 2451 ||| STAIRDANCE
  2455 | D:4      | 2455 ||| STAIRDANCE
  2459 | D:4      | 2459 ||| STAIRDANCE
  2463 | D:4      | 2463 ||| STAIRDANCE
  2467 | D:4      | 2467 ||| STAIRDANCE
  2471 | D:4      | 2471 ||| STAIRDANCE
  2475 | D:4      | 2475 ||| STAIRDANCE
  2479 | D:4      | 2479 ||| STAIRDANCE
  2483 | D:4      | 2483 ||| STAIRDANCE
  2487 | D:4      | 2487 ||| STAIRDANCE
  2491 | D:4      | 2491 ||| STAIRDANCE
  2495 | D:4      | 2495 ||| STAIRDANCE
  2513 | D:3      | 2513 ||| PLANNING OKAWARU WORSHIP
  2518 | D:3      | Became a worshipper of Warmaster Okawaru
  2519 | D:3      | 2519 ||| PLANNING D:1-11
  2774 | D:4      | Reached skill level 5 in Ranged Weapons
  2806 | D:4      | HP: 6/36 [iguana (13)]
  2814 | D:4      | Reached skill level 3 in Fighting
  2814 | D:4      | Reached XP level 5. HP: 10/45 MP: 5/5
  2966 | D:4      | 2966 ||| SWAPPING to +0 shortbow.
  2967 | D:4      | 2967 ||| DROPPING +3 sling.
  3299 | D:4      | 3299 ||| READING 3 scrolls labelled OSCHIG WEENA.
  3299 | D:4      | Identified 3 scrolls of acquirement
  3299 | D:4      | 3299 ||| ACQUIRING amulet "Duufa" {Regen+ Int+2 Stlth+}
  3299 | D:4      | Acquired the amulet "Duufa" {Regen+ Int+2 Stlth+}
  3301 | D:4      | 3301 ||| UPGRADING to amulet "Duufa" {Regen+ Int+2 Stlth+}.
  3306 | D:4      | 3306 ||| READING 2 scrolls of acquirement.
  3306 | D:4      | 3306 ||| ACQUIRING amulet of Tovodex {Spirit Fly rC++ Dex+3
                  | Stlth-}
  3306 | D:4      | Acquired the amulet of Tovodex {Spirit Fly rC++ Dex+3
                  | Stlth-}
  3308 | D:4      | 3308 ||| UPGRADING to amulet of Tovodex {Spirit Fly rC++
                  | Dex+3 Stlth-}.
  3318 | D:4      | 3318 ||| READING scroll of acquirement.
  3318 | D:4      | 3318 ||| ACQUIRING +2 arbalest of flaming
  3318 | D:4      | Acquired a +2 arbalest of flaming
  3320 | D:4      | 3320 ||| SWAPPING to +2 arbalest of flaming.
  3321 | D:4      | 3321 ||| DROPPING +0 shortbow.
  3322 | D:4      | 3322 ||| DRINKING 2 sedimented puce potions.
  3322 | D:4      | Gained mutation: You are clumsy. (Dex -2) [potion of
                  | mutation]
  3322 | D:4      | Gained mutation: Your mind is acute. (Int +4, Str/Dex -1)
                  | [potion of mutation]
  3322 | D:4      | Gained mutation: You have large cloven feet. [potion of
                  | mutation]
  3323 | D:4      | 3323 ||| DRINKING 2 murky orange potions.
  3324 | D:4      | 3324 ||| READING 2 scrolls of identify.
  3324 | D:4      | 3324 ||| IDENTIFYING puce potion
  3328 | D:5      | Entered Level 5 of the Dungeon
  3329 | D:5      | 3329 ||| PLANNING OSSUARY
  3330 | D:5      | Found Tailump's Magic Scroll Shoppe.
  3351 | D:5      | 3351 ||| BUYING scroll of enchant weapon (75 gold).
  3351 | D:5      | Bought a scroll of enchant weapon for 75 gold pieces
  3351 | D:5      | 3351 ||| BUYING scroll of enchant weapon (75 gold).
  3351 | D:5      | Bought a scroll of enchant weapon for 75 gold pieces
  3351 | D:5      | 3351 ||| BUYING scroll of identify (20 gold).
  3351 | D:5      | Bought a scroll of identify for 20 gold pieces
  3351 | D:5      | 3351 ||| BUYING scroll of identify (20 gold).
  3351 | D:5      | Bought a scroll of identify for 20 gold pieces
  3351 | D:5      | 3351 ||| BUYING scroll of teleportation (30 gold).
  3351 | D:5      | Bought a scroll of teleportation for 30 gold pieces
  3351 | D:5      | 3351 ||| SHOPLISTING scroll of teleportation (30 gold, have
                  | 10).
  3351 | D:5      | 3351 ||| READING 2 scrolls of enchant weapon.
  3351 | D:5      | 3351 ||| ENCHANTING +2 arbalest of flaming.
  3352 | D:5      | 3352 ||| READING scroll of enchant weapon.
  3352 | D:5      | 3352 ||| ENCHANTING +3 arbalest of flaming.
  3397 | D:5      | Found a basalt altar of Yredelemnul.
  3445 | D:5      | Reached * piety under Okawaru
  3446 | D:5      | Reached skill level 6 in Ranged Weapons
  3454 | D:5      | HP: 11/45 [poisoned by a scorpion]
  3632 | D:5      | Noticed Grinder
  3633 | D:5      | 3633 ||| Stepping ~*~*~tactically~*~*~ (outnumbered).
  3635 | D:5      | 3635 ||| INVOKING Heroism.
  3639 | D:5      | 3639 ||| INVOKING Heroism.
  3639 | D:5      | Paralysed by Grinder for 5 turns
  3646 | D:5      | Killed Grinder
  3647 | D:5      | Reached XP level 6. HP: 57/57 MP: 3/6
  3689 | D:5      | Reached skill level 1 in Invocations
  3689 | D:5      | Reached XP level 7. HP: 62/62 MP: 7/7
  3734 | D:5      | Found a shadowy altar of Dithmenos.
  3862 | D:5      | 3862 ||| INVOKING Heroism.
  3865 | D:5      | Reached skill level 7 in Ranged Weapons
  3865 | D:5      | Reached skill level 3 in Invocations
  3978 | D:5      | 3978 ||| READING scroll of enchant weapon.
  3978 | D:5      | 3978 ||| ENCHANTING +4 arbalest of flaming.
  3988 | D:5      | 3988 ||| INVOKING Heroism.
  4054 | D:5      | 4054 ||| RIP OSSUARY
  4059 | D:5      | 4059 ||| PLANNING D:1-11
  4203 | D:5      | 4203 ||| INVOKING Heroism.
  4207 | D:5      | Reached XP level 8. HP: 70/70 MP: 6/10
  4396 | D:5      | 4396 ||| READING scroll labelled HAULUT ERO XYG.
  4489 | D:5      | 4489 ||| READING 4 scrolls of identify.
  4489 | D:5      | 4489 ||| IDENTIFYING coppery potion
  4490 | D:5      | 4490 ||| READING 3 scrolls of identify.
  4490 | D:5      | 4490 ||| IDENTIFYING murky purple potion
  4491 | D:5      | 4491 ||| READING 2 scrolls of identify.
  4491 | D:5      | 4491 ||| IDENTIFYING clear potion
  4525 | D:6      | Found Itie's Distillery.
  4554 | D:6      | 4554 ||| BUYING potion of curing (42 gold).
  4554 | D:6      | Bought a potion of curing for 42 gold pieces
  4554 | D:6      | 4554 ||| BUYING potion of curing (42 gold).
  4554 | D:6      | Bought a potion of curing for 42 gold pieces
  4554 | D:6      | 4554 ||| SHOPLISTING potion of enlightenment (70 gold, have
                  | 42).
  4554 | D:6      | 4554 ||| SHOPLISTING potion of haste (140 gold, have 42).
  4554 | D:6      | 4554 ||| SHOPLISTING potion of heal wounds (70 gold, have
                  | 42).
  4554 | D:6      | 4554 ||| SHOPLISTING potion of mutation (112 gold, have
                  | 42).
  4562 | D:6      | 4562 ||| FLEEEEING.
  4563 | D:6      | 4563 ||| FLEEEEING.
  4564 | D:6      | 4564 ||| STAIRDANCE
  4577 | D:6      | 4577 ||| STAIRDANCE
  4589 | D:6      | Reached skill level 8 in Ranged Weapons
  4655 | D:6      | Reached skill level 3 in Dodging
  4763 | D:6      | 4763 ||| INVOKING Heroism.
  4764 | D:6      | 4764 ||| Stepping ~*~*~tactically~*~*~ (outnumbered).
  4778 | D:6      | 4778 ||| Stepping ~*~*~tactically~*~*~ (outnumbered).
  4890 | D:6      | Found Kethretece's Assorted Antiques.
  4901 | D:6      | 4901 ||| BUYING scroll of identify (52 gold).
  4901 | D:6      | Bought a scroll of identify for 52 gold pieces
  4901 | D:6      | 4901 ||| SHOPLISTING scroll of teleportation (78 gold, have
                  | 31).
  4916 | D:6      | Reached ** piety under Okawaru
  4917 | D:6      | Reached skill level 9 in Ranged Weapons
  4918 | D:6      | Identified the +2 robe "Fufius" {rN+ Slay+6}
  4978 | D:6      | 4978 ||| INVOKING Heroism.
  4982 | D:6      | Reached skill level 1 in Armour
  4983 | D:6      | Reached skill level 6 in Fighting
  5001 | D:6      | Found a glowing golden altar of the Shining One.
  5169 | D:6      | 5169 ||| UPGRADING to +2 ring mail of cold resistance.
  5179 | D:6      | 5179 ||| UPGRADING to +2 robe "Fufius" {rN+ Slay+6}.
  5189 | D:6      | 5189 ||| DROPPING +2 ring mail of cold resistance.
  5190 | D:6      | 5190 ||| DROPPING ring of wizardry.
  5191 | D:6      | 5191 ||| READING scroll labelled TUOSTU KIOLUPTUA.
  5192 | D:6      | 5192 ||| READING 3 scrolls of identify.
  5192 | D:6      | 5192 ||| IDENTIFYING metallic white potion
  5193 | D:6      | 5193 ||| READING 2 scrolls of identify.
  5193 | D:6      | 5193 ||| IDENTIFYING metallic golden potion
  5194 | D:6      | 5194 ||| DROPPING potion of attraction.
  5195 | D:6      | 5195 ||| DROPPING potion of lignification.
  5229 | D:7      | Reached skill level 10 in Ranged Weapons
  5229 | D:7      | Reached XP level 9. HP: 78/78 MP: 11/11
  5230 | D:7      | 5230 ||| INVOKING Heroism.
  5397 | D:7      | Found a staircase to the Ecumenical Temple.
  5612 | D:7      | 5612 ||| INVOKING Heroism.
  5658 | D:7      | Reached skill level 11 in Ranged Weapons
  5712 | D:7      | 5712 ||| INVOKING Heroism.
  5743 | D:7      | 5743 ||| INVOKING Heroism.
  5772 | D:7      | 5772 ||| READING scroll of enchant armour.
  5772 | D:7      | 5772 ||| ENCHANTING +0 pair of boots.
  5807 | D:7      | Noticed a six-headed hydra
  5808 | D:7      | 5808 ||| INVOKING Heroism.
  5813 | D:7      | Killed a six-headed hydra
  5813 | D:7      | Reached *** piety under Okawaru
  5814 | D:7      | Reached skill level 12 in Ranged Weapons
  5821 | D:7      | Paralysed by a hornet for 2 turns
  5821 | D:7      | HP: 15/79 [hornet (shapeshifter) (9)]
  5822 | D:7      | HP: 1/79 [hornet (shapeshifter) (12)]
  5823 | D:7      | 5823 ||| READING 3 scrolls of teleportation.
  5823 | D:7      | Succumbed to a hornet's poison

Levels and vault maps discovered:
D:1:      spicycebolla_arrival_clurvy, layout_loops_ring, serial_shops,
          nicolae_shop_competitors_out_of_business, glass_columns_a
D:2:      layout_basic, shapermc_ecumenical_altar_rom_forum, serial_shops, shop,
          kennysheep_cross_bottleneck, due_unseen_surprise, uniq_jessica
D:3:      layout_loops_cross, nicolae_overflow_ecumenical_swirl,
          mainiacjoe_overflow_catwalk, pdpol_wu_jian_five_deadly_venoms,
          grunt_qazlal_sundering
D:4:      layout_loops_ring, kennysheep_generic_room_2
D:5:      minmay_angry_zag, layout_loops_ring, yredelemnul_altar_generic,
          grunt_dithmenos_shadows, chequers_ossuary_entry_cave, serial_shops,
          shop_coins, chequers_serial_rivers_large_a, fountainhead, uniq_grinder
D:6:      layout_cave_pools, nicolae_overflow_crystal_walls, serial_shops, shop,
          nicolae_stop_n_shop_2
D:7:      layout_basic, minmay_temple_entry_large_hall, minmay_the_grid_2x2
          [minmay_the_grid_small_cups, minmay_the_grid_minigrid_large,
          minmay_the_grid_dragon_a, minmay_the_grid_prize_diamond_cup]

Skill      XL: |  1  2  3  4  5  6  7  8  9 |
---------------+----------------------------+-----
Ranged Weapons | 3 4 5 6 7 10 12 | 12.4
Fighting       | 2 3 5 6 7 |  7.1
Invocations    | 1 4 |  4.1
Dodging        | 3 5 |  5.0
Armour         | 1 |  1.9
Spellcasting   | |  1.0
Hexes          | |  2.0

Action                     |  1- 3 |  4- 6 |  7- 9 || total
---------------------------+-------+-------+-------++-------
   Fire: Sling             |    76 |    58 |       ||   134
         Arbalest          |       |    17 |   149 ||   166
         Shortbow          |       |     4 |       ||     4
 Invoke: Heroism           |       |     1 |    10 ||    11
    Use: Scroll            |     7 |     6 |    10 ||    23
         Potion            |     1 |     3 |       ||     4
 Armour: Robe              |     5 |    12 |    10 ||    27
  Dodge: Dodged            |    20 |    22 |    42 ||    84

Table legend:
 A = Non-vault XP
 B = Vault XP
 C = Vault XP percentage of total XP
 D = Non-vault monster count
 E = Vault monster count
 F = Vault count percentage of total count
                 A         B        C        D         E       F
            +---------+---------+-------+---------+---------+-------
      Total |    2796 |    2445 |  46.7 |     107 |      25 |  18.9
            +---------+---------+-------+---------+---------+-------
        D:1 |      22 |       0 |   0.0 |      14 |       0 |   0.0
        D:2 |      36 |      37 |  50.7 |      15 |       1 |   6.2
        D:3 |      31 |       0 |   0.0 |      13 |       0 |   0.0
        D:4 |      17 |      82 |  82.8 |       7 |       3 |  30.0
        D:5 |     716 |     581 |  44.8 |      23 |      10 |  30.3
        D:6 |    1248 |       0 |   0.0 |      21 |       0 |   0.0
        D:7 |     726 |    1745 |  70.6 |      14 |      11 |  44.0
            +---------+---------+-------+---------+---------+-------
